 Dungeon Crawl Stone Soup version 0.25.0-46-gbd7b0854d2 (webtiles) character file.

Game seed: 1923117522656564541

179 Elvor the Bolt Thrower (level 5, -5/47 HPs)
             Began as a Minotaur Hunter on July 13, 2020.
             Slain by a kobold
             ... wielding a +1 dagger of electrocution
              (10 damage)
             ... on level 3 of the Dungeon.
             The game lasted 00:20:48 (1912 turns).

Elvor the Bolt Thrower (Minotaur Hunter)            Turns: 1912, Time: 00:20:49

Health: -5/47      AC: 11    Str: 17    XL:     5   Next: 33%
Magic:  4/4        EV:  2    Int:  8    God:
Gold:   115        SH:  7    Dex: 11    Spells: 4/4 levels left

rFire    . . .     SeeInvis .   C - -1 rapier (curse)
rCold    . . .     Gourm    .   y - +0 kite shield
rNeg     . . .     Faith    .   j - +0 plate armour (curse)
rPois    .         Spirit   .   (helmet restricted)
rElec    .         Reflect  .   p - +0 cloak
rCorr    .         Harm     .   (no gloves)
MR       .....                  (no boots)
Stlth    ..........             (no amulet)
HPRegen  0.15/turn              (no ring)
MPRegen  0.09/turn              (no ring)

@: no status effects
A: retaliatory headbutt, horns 2
a: no special abilities


You were on level 3 of the Dungeon.
You were not hungry.

You visited 1 branch of the dungeon, and saw 3 of its levels.

You collected 115 gold pieces.

Inventory:

Hand Weapons
 a - a +1 hand crossbow
 b - a +0 short sword
 o - a +2 quarterstaff of chaos
 q - a +0 mace of draining
 w - a +0 war axe
 C - a cursed -1 rapier (weapon)
Missiles
 d - 12 bolts
 m - 6 silver javelins (quivered)
Armour
 c - a +0 leather armour
 j - a cursed +0 plate armour (worn)
 p - a +0 cloak (worn)
 t - a scarf of harm
 y - a +0 kite shield (worn)
Scrolls
 h - a scroll of fear {unknown}
 k - a scroll of teleportation {unknown}
 l - a scroll of magic mapping {unknown}
 r - 3 scrolls of identify {unknown}
 u - a scroll of enchant weapon {unknown}
 v - a scroll of fog {unknown}
 x - 2 scrolls of remove curse {unknown}
Potions
 e - a potion of degeneration {unknown}
 g - 2 potions of lignification {unknown}
 n - a potion of heal wounds {unknown}
 s - a potion of cancellation {unknown}
 z - a potion of flight {unknown}
 A - a potion of invisibility {unknown}
 B - a potion of resistance {unknown}
Comestibles
 f - 5 rations
 i - 8 chunks of flesh


   Skills:
 * Level 4.3 Fighting
 + Level 1.4 Short Blades
 + Level 5.7 Crossbows
 + Level 1.3 Armour
 + Level 2.6 Dodging
 + Level 0.7 Stealth


You had 4 spell levels left.
You didn't know any spells.
Your spell library was empty.

Dungeon Overview and Level Annotations

Branches:
Dungeon (3/15)

Altars:
Cheibriados
Elyvilon
Gozag
Hepliaklqana
Ru
Uskayaw
Zin
The Shining One


Innate Abilities, Weirdness & Mutations

You reflexively headbutt those who attack you in melee.
You have a pair of horns on your head.


Message History

You hit the adder.
You kill the adder!
Your Armour skill increases to level 1!
There is an open door here.
You see here an adder corpse.
You butcher the adder corpse.
i - 8 chunks of flesh (gained 1)
There is an open door here.
You see here an adder skeleton.
d - 12 bolts (gained 1)
A kobold comes into view.
It is wielding a +1 dagger of electrocution.
The kobold shouts!
You closely miss the kobold. The kobold hits you but does no damage.
You are electrocuted!!
* * * LOW HITPOINT WARNING * * *
The kobold hits you with a +1 dagger of electrocution.
* * * LOW HITPOINT WARNING * * *
You miss the kobold. The kobold hits you but does no damage.
You are electrocuted!
You die...

#....# #........#
#........# #........#
#........#
##################
.............# ...
.............#
....##..............#
#... #.........K@...# ..#
##..............# ..#
#.............### ..#
#.............# ..#
#.............#
..####............######
..##.รท.................#
#.##.#.................#
#.##.#.................#


You could see a kobold.

Vanquished Creatures
  Crazy Yiuf (D:2)
  9 adders
  A worm (D:2)
  A dart slug (D:1)
  3 leopard geckos
  3 orcs (D:3)
  A ball python (D:3)
  5 bats
  5 giant cockroaches
  7 goblins
  7 hobgoblins
  4 jackals (D:1)
  3 quokkas
  2 frilled lizards
  5 kobolds
  4 rats
61 creatures vanquished.

Notes
Turn   | Place    | Note
-------+----------+-------------------------------------------
     0 | D:1      | Elvor the Minotaur Hunter began the quest for the Orb.
     0 | D:1      | Reached XP level 1. HP: 18/18 MP: 0/0
   265 | D:1      | Reached XP level 2. HP: 21/25 MP: 1/1
   320 | D:1      | Reached skill level 5 in Crossbows
   757 | D:2      | Reached XP level 3. HP: 27/30 MP: 2/2
   871 | D:2      | Reached XP level 4. HP: 20/38 MP: 3/3
   941 | D:2      | Reached skill level 1 in Short Blades
   972 | D:2      | Found a runed translucent door.
   973 | D:2      | Noticed Crazy Yiuf
   982 | D:2      | Killed Crazy Yiuf
  1011 | D:2      | Found a snail-covered altar of Cheibriados.
  1022 | D:2      | Found a hazy altar of Hepliaklqana.
  1024 | D:2      | Found a hide-covered altar of Uskayaw.
  1026 | D:2      | Found a white marble altar of Elyvilon.
  1034 | D:2      | Found a sacrificial altar of Ru.
  1136 | D:2      | Found an opulent altar of Gozag.
  1253 | D:2      | Found a glowing golden altar of the Shining One.
  1367 | D:3      | Reached XP level 5. HP: 42/46 MP: 4/4
  1499 | D:3      | Found a glowing silver altar of Zin.
  1499 | D:3      | Found an opulent altar of Gozag.
  1883 | D:3      | Reached skill level 1 in Armour
  1912 | D:3      | Slain by a kobold

Illustrated notes

Levels and vault maps discovered:
D:1:      minmay_arrival_doors, layout_basic, hangedman_decor_diamond_cutter,
          minivault_4, hex_medium
D:2:      layout_rooms, lemuel_doored_altar, grunt_temple_overflow_open,
          nicolae_gozag_cash_rules_everything_around_me, uniq_crazy_yiuf_cottage
D:3:      layout_basic, grunt_temple_overflow_gold_and_silver, first_ration

Skill      XL: |  1  2  3  4  5 |
---------------+----------------+-----
Crossbows      | 5 |  5.7
Fighting       | 3 4 |  4.3
Short Blades   | 1 |  1.4
Armour         | 1 |  1.3
Dodging        | |  2.6
Stealth        | |  0.7

Action                   |  1- 3 |  4- 6 || total
-------------------------+-------+-------++-------
Melee: Short sword       |    59 |    39 ||    98
       Headbutt          |     9 |     5 ||    14
       Rapier            |       |     6 ||     6
 Fire: Hand crossbow     |    50 |    33 ||    83
Throw: Javelin           |       |     3 ||     3
  Eat: Chunk             |       |     3 ||     3
Armor: Leather armour    |     6 |       ||     6
       Plate armour      |    35 |    30 ||    65
Dodge: Dodged            |    35 |    10 ||    45
Block: Kite shield       |       |    11 ||    11
